 Dungeon Crawl Stone Soup version 0.29.0-4-gdea44cf6ec (webtiles) character file.

Game seed: 14879009335776588175

3211 112233 the Thaumaturge (level 9, -13/44 HPs)
             Began as a Felid Conjurer on Aug 26, 2022.
             Was an Elder of Vehumet.
             Hit by a large rock thrown by a cyclops (38 damage)
             ... on level 11 of the Dungeon.
             The game lasted 00:43:19 (19001 turns).

112233 the Thaumaturge (Felid Conjurer)            Turns: 19001, Time: 00:43:20

Health: -13/44     AC:  2    Str:  3    XL:     9   Next: 65%
Magic:  10/23      EV: 26    Int: 24    God:    Vehumet [****..]
Gold:   2135       SH:  0    Dex: 15    Spells: 3/26 levels left
                                        Lives:  0   Deaths: 3

rFire   . . .      SeeInvis +   (weapon unavailable)
rCold   + . .      Faith    .   (shield unavailable)
rNeg    . . .      Spirit   .   (body armour unavailable)
rPois   .          Reflect  .   (helmet unavailable)
rElec   .          Harm     .   (cloak unavailable)
rCorr   .          Rampage  .   (gloves unavailable)
Will    +....                   (boots unavailable)
Stlth   ++........              t - amulet of magic regeneration
HPRegen 0.14/turn               o - +4 ring of evasion
MPRegen 0.58/turn               M - ring of protection from cold

@: about to teleport, studying Fighting, quick
A: very small, claws 1, fangs 3, see invisible, speed 1, shaggy fur 2, stealthy
paws, no weapons or thrown items, no armour, multi-lived
a: Renounce Religion


You were on level 11 of the Dungeon.
You worshipped Vehumet.
Vehumet was greatly pleased with you.
You visited 3 branches of the dungeon, and saw 17 of its levels.
You also visited: Ossuary and Bailey.

You collected 2678 gold pieces.
You spent 543 gold pieces at shops.

Inventory:

Jewellery
 k - an amulet of the acrobat
 n - an amulet of regeneration
 o - a +4 ring of evasion (left paw)
 t - an amulet of magic regeneration (around neck)
 J - a ring of ice
 M - a ring of protection from cold (right paw)
Wands
 C - a wand of iceblast (4)
 E - a wand of light (1)
 F - a wand of mindburst (11)
 G - a wand of flame (6)
 H - a wand of paralysis (4)
 I - a wand of digging (7)
Scrolls
 g - a scroll of teleportation
 h - 3 scrolls of amnesia
 l - 4 scrolls of butterflies
 m - 2 scrolls of vulnerability
 p - 2 scrolls of blinking
 q - a scroll of fear
 s - 5 scrolls of poison
 v - 4 scrolls of noise
 w - 2 scrolls of magic mapping
 x - a scroll of silence
 y - 2 scrolls of immolation
 D - a scroll of enchant armour
 O - a scroll of torment
Potions
 a - 2 potions of magic
 b - a potion of curing
 c - 2 potions of mutation {unknown}
 d - 3 potions of invisibility {unknown}
 e - a potion of degeneration {unknown}
 f - 3 potions of lignification {unknown}
 i - 2 potions of brilliance {unknown}
 j - 4 potions of attraction {unknown}
 r - 3 potions of haste {unknown}
 u - 7 potions of heal wounds {unknown}
 z - 3 potions of might {unknown}
 A - a potion of ambrosia {unknown}
 B - a potion of cancellation {unknown}
Miscellaneous
 K - a box of beasts (inert)
 N - a lightning rod (4/4)


   Skills:
 + Level 7.8 Fighting
 + Level 8.7 Dodging
 - Level 2.8 Stealth
 * Level 9.3 Spellcasting
 - Level 8.9 Conjurations
 - Level 5.8 Hexes
 - Level 6.5 Translocations
 + Level 1.1 Transmutations
 + Level 4.5 Air Magic


You had 3 spell levels left.
You knew the following spells:

 Your Spells              Type           Power      Damage    Failure   Level
a - Magic Dart            Conj           100%       1d8       1%          1
b - Searing Ray           Conj           100%       2d8       1%          2
c - Fulminant Prism       Conj/Hex       23%        3d13      1%          4
d - Summon Lightning Spi  Summ/Air       22%        N/A       22%         4
e - Iskenderun's Mystic   Conj/Tloc      48%        2d11      1%          4
f - Storm Form            Tmut/Air       12%        N/A       100%        7
g - Apportation           Tloc           84%        N/A       1%          1

Your spell library contained the following spells:

 Spells                   Type           Power      Damage    Failure   Level
 Sticky Flame             Conj/Fire      32%        2d5       2%          4
 Freeze                   Ice            44%        1d6       1%          1
 Slow                     Hex            100%       N/A       1%          1
 Poisonous Vapours        Pois/Air       44%        N/A       1%          2
 Confusing Touch          Hex            39%        N/A       1%          3
 Dazzling Flash           Conj/Hex       92%        N/A       1%          3
 Sting                    Tmut/Pois      52%        1d5       4%          1
 Frozen Ramparts          Ice            22%        1d4       4%          3
 Ozocubu's Armour         Ice            11%        N/A       17%         3
 Vampiric Draining        Necr           11%        2d6       17%         3
 Hailstorm                Conj/Ice       32%        3d8       2%          4
 Olgreb's Toxic Radiance  Pois           11%        N/A       16%         4
 Iron Shot                Conj/Erth      16%        9d4       32%         6
 Ice Form                 Ice/Tmut       13%        N/A       41%         4
 Summon Ice Beast         Ice/Summ       11%        N/A       50%         4
 Blade Hands              Tmut           8%         N/A       69%         5
 Alistair's Intoxication  Tmut/Pois      8%         N/A       77%         5
 Ozocubu's Refrigeration  Ice            5%         4d8       100%        7
 Maxwell's Capacitive Co  Air            16%        ∞         100%        8
 Animate Armour           Summ/Erth      Unusable   N/A       N/A         4

Dungeon Overview and Level Annotations

Branches:
Dungeon (15/15)            Temple (1/1) D:4             Orc (1/2) D:11
Ossuary (visited)          Bailey (visited)
   Lair: D:8-11      Vaults: D:13-14     Depths: D:15

Altars:
Ashenzari
Cheibriados
Dithmenos
Elyvilon
Fedhas
Gozag
Hepliaklqana
Kikubaaqudgha
Makhleb
Nemelex Xobeh
Okawaru
Qazlal
Ru
Sif Muna
Trog
Uskayaw
Vehumet
Wu Jian
Xom
Yredelemnul
Zin
The Shining One
Lugonu

Shops:
D:2 *   D:9 :   D:11 ?   D:12 [

Annotations:
D:3 1 runed translucent door, Tuing's ghost, amateur GnWn
D:6 exclusion: downstairs
D:7 exclusions: downstairs, upstairs and 1 more exclusion
D:9 exclusion: upstairs
D:11 exclusion: upstairs
D:12 exclusions: 2 downstairs and upstairs, Gastronok
D:13 Frances; Nessos
D:14 Jorgrun
D:15 Louise


Innate Abilities, Weirdness & Mutations

You have sharp claws.
You have razor-sharp teeth.
You have supernaturally acute eyesight. (SInv)
You cover ground quickly. (Speed+)
You are covered in thick fur. (AC +2)
Your paws help you pounce on unaware monsters.
You are incapable of wielding weapons or throwing items.
You cannot wear armour.
You gain extra lives every three experience levels.


Message History

The cyclops is moderately wounded.
Unknown command.
Unknown command.
Casting: Fulminant Prism (dangerous; 1% risk of failure)
Confirm with . or Enter, or press ? or * to list all spells.
Okay, then.
Casting: Fulminant Prism (dangerous; 1% risk of failure)
Confirm with . or Enter, or press ? or * to list all spells.
Aiming: Fulminant Prism (dangerous; 1% risk of failure)
Press: ? - help, Dir - move target You conjure a prism of explosive energy!
A fulminant prism comes into view.
The boulder beetle hits your fulminant prism!
Your fulminant prism detonates feebly.
The boulder beetle stops rolling and uncurls.
Unknown command.
Casting: Fulminant Prism (dangerous; 1% risk of failure)
Confirm with . or Enter, or press ? or * to list all spells.
Okay, then.
Casting: Fulminant Prism (dangerous; 1% risk of failure)
Confirm with . or Enter, or press ? or * to list all spells.
You erupt in a blast of force!
The mystic blast hits the boulder beetle but does no damage.
The boulder beetle is lightly wounded.
Unknown command.
Casting: Iskenderun's Mystic Blast (dangerous; 1% risk of failure)
Confirm with . or Enter, or press ? or * to list all spells.
You erupt in a blast of force!
The mystic blast hits the boulder beetle but does no damage.
The boulder beetle is lightly wounded.
The boulder beetle bites you!!
Unknown command.
As you read the scroll of teleportation, it crumbles to dust.
You feel strangely unstable.
The boulder beetle completely misses you.
Unknown command.
The boulder beetle leaps!
The cyclops throws a large rock.
The large rock hits you!!!
Ouch! That really hurt!
You die...

#.###.# #.#.#.# #...#.###
###.#>..### #.#.....## #####
#.#.#.#..# ...○○
#.#.#....############ #....
#.#.#.#.............. ..P..
#.....##.####@####### .....
###.####.####.................
#...# #..)##.######..........
###.# ###.##○# #......### #.#
#.##.# #.)....# #.# #.##.##
#.....' #.# #....C# #.....###
######.# #####..## #........
.......# #.......# ##.......


You could see a cyclops.

Vanquished Creatures
  A hydra (D:11)
  An orc knight (D:11)
  A manticore (D:11)
  A komodo dragon (D:12)
  A kobold demonologist (D:7)
  2 trolls
  A hornet (D:9)
  2 wraiths
  A wyvern (D:9)
  2 vampire mosquitoes (D:13)
  17 yaks
  A warg (Orc:1)
  3 water moccasins
  6 orc warriors
  2 ice beasts
  A black bear (D:11)
  A sky beast (D:7)
  2 ogres
  2 centaurs
  2 phantoms (D:5)
  7 kobold brigands
  A bullfrog (D:11)
  A gnoll sergeant (D:11)
  2 scorpions
  13 wights
  A vampire bat (D:5)
  5 hounds
  2 orc priests
  4 gnoll boudas
  2 jellies
  4 iguanas
  6 orc wizards
  8 mummies (Ossuary)
  Robin (D:4)
  8 adders
  16 gnolls
  2 ufetubi
  5 worms
  4 dart slugs
  34 orcs
  10 ball pythons
  4 bat skeletons (D:5)
  5 endoplasms
  4 giant cockroaches
  3 gnoll zombies (Ossuary)
  17 goblins
  9 hobgoblins
  4 jackals (D:3)
  2 quokkas
  4 bats
  2 frilled lizards
  A hobgoblin zombie (Ossuary)
  17 kobolds
  A kobold zombie (Ossuary)
  3 orc zombies (Ossuary)
  8 rats
270 creatures vanquished.

Vanquished Creatures (collateral kills)
  2 kobolds (Bailey)
2 creatures vanquished.

Vanquished Creatures (others)
  38 fulminant prisms
  20 fungi (D:11)
  23 plants (D:11)
81 creatures vanquished.

Grand Total: 353 creatures vanquished

Notes
Turn   | Place    | Note
-------+----------+-------------------------------------------
     0 | D:1      | 112233 the Felid Conjurer began the quest for the Orb.
     0 | D:1      | Reached XP level 1. HP: 7/7 MP: 4/4
   289 | D:1      | Found a faded altar of an unknown god.
   323 | D:1      | Reached XP level 2. HP: 11/11 MP: 4/6
   350 | D:1      | Learned a level 2 spell: Searing Ray
  1474 | D:2      | Reached XP level 3. HP: 14/14 MP: 0/7
  1681 | D:2      | Found Hunerph's Assorted Antiques.
  1689 | D:2      | Bought a scroll labelled NOPLAE NAVE for 27 gold pieces
  1689 | D:2      | Bought a scroll labelled ASUFFEKHOR for 27 gold pieces
  1689 | D:2      | Bought 2 silvery potions for 48 gold pieces
  1834 | D:2      | Identified the +1 leather armour of Going Fast {*Slow rElec
                  | rPois rCorr}
  3070 | D:2      | Reached skill level 5 in Conjurations
  3070 | D:2      | Reached XP level 4. HP: 18/18 MP: 1/8
  3201 | D:3      | Found a runed translucent door.
  3202 | D:3      | Noticed Tuing's ghost (amateur GnWn)
  4462 | D:4      | Learned a level 4 spell: Fulminant Prism
  4465 | D:4      | Reached XP level 5. HP: 21/21 MP: 4/9
  4577 | D:4      | Noticed Robin
  4710 | D:4      | Killed Robin
  5164 | D:4      | Found a staircase to the Ecumenical Temple.
  5210 | Temple   | Entered the Ecumenical Temple
  5251 | Temple   | Became a worshipper of Vehumet
  5272 | D:4      | Found an iron altar of Okawaru.
  5276 | D:4      | You fall into a shaft and drop 3 floors!
  5407 | D:7      | Found an ornate altar of the Wu Jian Council.
  5424 | D:8      | Noticed a water moccasin
  5424 | D:8      | Noticed an ice beast
  5424 | D:8      | Found a sacrificial altar of Ru.
  5455 | D:7      | Reached skill level 3 in Spellcasting
  5455 | D:7      | Gained mutation: You are covered in thick fur. (AC +2)
                  | [Felid growth]
  5455 | D:7      | Reached XP level 6. HP: 24/24 MP: 6/11
  5782 | D:6      | Identified the +10 plate armour of Pojair {Will+ rCorr
                  | MP+9}
  5839 | D:6      | Slain by a wight
  5840 | D:6      | Reached XP level 5. HP: 0/18 MP: 2/11
  6010 | D:6      | Noticed a yak
  6010 | D:6      | Noticed a yak
  6010 | D:6      | Noticed a yak
  6010 | D:6      | Noticed a yak
  6010 | D:6      | Noticed a yak
  6094 | D:6      | Reached skill level 4 in Spellcasting
  6094 | D:6      | Reached XP level 6. HP: 24/24 MP: 4/13
  6340 | D:6      | Learned a level 4 spell: Summon Lightning Spire
  6456 | D:6      | Noticed an ice beast
  6499 | D:5      | Entered Level 5 of the Dungeon
  6748 | D:5      | Noticed a water moccasin
  6955 | D:5      | Found an ancient bone altar of Kikubaaqudgha.
  7043 | D:5      | Found a burning altar of Makhleb.
  7043 | D:5      | Found a white marble altar of Elyvilon.
  7043 | D:5      | Found a shimmering blue altar of Sif Muna.
  7043 | D:5      | Found a shadowy altar of Dithmenos.
  7051 | D:5      | Reached skill level 1 in Fighting
  7051 | D:5      | Reached skill level 1 in Air Magic
  7051 | D:5      | Reached XP level 7. HP: 28/28 MP: 6/14
  7159 | D:5      | Found a basalt altar of Yredelemnul.
  7171 | D:5      | Found a sand-covered staircase.
  7176 | Ossuary  | Entered an ossuary
  7188 | Ossuary  | Reached * piety under Vehumet
  7188 | Ossuary  | Offered knowledge of Shock by Vehumet.
  8784 | D:4      | Reached skill level 5 in Spellcasting
  9211 | D:5      | Reached XP level 8. HP: 34/34 MP: 8/17
 10238 | D:7      | Noticed a kobold demonologist
 10247 | D:7      | Killed a kobold demonologist
 10248 | D:7      | Reached skill level 5 in Dodging
 10248 | D:7      | Reached skill level 6 in Spellcasting
 10516 | D:6      | Learned a level 4 spell: Iskenderun's Mystic Blast
 10585 | D:6      | Reached XP level 9. HP: 38/38 MP: 9/19
 10961 | D:6      | Offered knowledge of Scorch by Vehumet.
 11020 | D:7      | Reached skill level 1 in Translocations
 11025 | D:7      | Reached ** piety under Vehumet
 11278 | D:7      | Reached skill level 7 in Spellcasting
 11340 | D:7      | Noticed a boulder beetle
 12017 | D:7      | Found a bloodstained altar of Trog.
 12098 | D:8      | Reached skill level 1 in Hexes
 12381 | D:8      | Offered knowledge of Stone Arrow by Vehumet.
 12526 | D:8      | Found an opulent altar of Gozag.
 12702 | D:9      | Found Ofyecva's Tremendous Tomes.
 12733 | D:9      | Reached skill level 5 in Fighting
 13127 | D:9      | Noticed a +0 dagger
 13127 | D:9      | Noticed a +0 hand axe
 13130 | D:9      | Found a hide-covered altar of Uskayaw.
 13490 | D:9      | Found a stormy altar of Qazlal.
 13532 | D:9      | Reached *** piety under Vehumet
 13533 | D:9      | Reached XP level 10. HP: 44/44 MP: 3/22
 14013 | D:10     | Entered Level 10 of the Dungeon
 14553 | D:10     | Found a sparkling altar of Nemelex Xobeh.
 14624 | D:10     | Found a flagged portal.
 14636 | Bailey   | Entered a bailey
 14739 | Bailey   | Offered knowledge of Sticky Flame by Vehumet.
 14748 | Bailey   | Learned a level 7 spell: Storm Form
 14837 | Bailey   | Reached skill level 8 in Spellcasting
 15073 | Bailey   | Found a burning altar of Makhleb.
 15483 | D:11     | Found Kurpheme's Magic Scroll Emporium.
 15483 | D:11     | Noticed a cyclops
 15670 | D:11     | Found a staircase to the Orcish Mines.
 15693 | Orc:1    | Entered Level 1 of the Orcish Mines
 15710 | Orc:1    | Noticed an orc knight
 15815 | D:11     | Noticed a manticore
 15825 | D:11     | Noticed a boulder beetle
 15913 | D:11     | Killed a manticore
 15914 | D:11     | Reached skill level 5 in Translocations
 16188 | D:11     | Noticed a four-headed hydra
 16211 | D:11     | Noticed a four-headed hydra
 16262 | D:11     | Noticed a boulder beetle
 16374 | D:11     | Killed a four-headed hydra
 16375 | D:11     | Reached skill level 5 in Hexes
 16396 | D:11     | Learned a level 1 spell: Apportation
 16881 | D:12     | Noticed a brown ugly thing
 16885 | D:12     | Reached XP level 11. HP: 47/50 MP: 10/24
 16902 | D:12     | Identified a scroll of acquirement
 16904 | D:12     | Noticed a two-headed ogre
 17113 | D:12     | Reached skill level 9 in Spellcasting
 17167 | D:12     | Found Ilateym's Armour Emporium.
 17173 | D:12     | Noticed Gastronok
 17201 | D:13     | Noticed Frances
 17956 | D:11     | Killed an orc knight
 17971 | D:12     | Noticed a boulder beetle
 17974 | D:13     | Noticed a green ugly thing
 17974 | D:13     | Noticed a green ugly thing
 17980 | D:13     | Succumbed to barbed spike wounds
 17980 | D:14     | Noticed a skeletal warrior
 17980 | D:14     | Noticed a skeletal warrior
 17980 | D:14     | Noticed a skeletal warrior
 17981 | D:14     | Reached XP level 10. HP: 0/47 MP: 24/24
 17993 | D:15     | Entered Level 15 of the Dungeon
 17993 | D:15     | Identified the +7 tower shield of Gait {rPois Str+4 Int+2}
 17993 | D:15     | Noticed Louise
 18030 | D:14     | Noticed a centaur warrior
 18033 | D:14     | Noticed a wolf spider
 18037 | D:14     | Noticed Jorgrun
 18037 | D:14     | Noticed a skeletal warrior
 18039 | D:14     | Noticed a centaur warrior
 18226 | D:14     | Noticed a bunyip
 18229 | D:14     | Noticed a centaur warrior
 18449 | D:13     | Acquired 483 gold pieces
 18504 | D:13     | Noticed a catoblepas
 18512 | D:13     | Noticed an eight-headed hydra
 18660 | D:13     | Noticed Nessos
 18662 | D:12     | Annihilated by a boulder beetle
 18663 | D:12     | Reached XP level 9. HP: -24/43 MP: 23/23
 18786 | D:11     | Reached **** piety under Vehumet
 18797 | D:11     | Reached skill level 1 in Transmutations
 18901 | D:11     | Bought a scroll of blinking for 105 gold pieces
 18901 | D:11     | Bought a scroll of teleportation for 42 gold pieces
 18901 | D:11     | Bought a scroll of blinking for 105 gold pieces
 18901 | D:11     | Bought a scroll of identify for 28 gold pieces
 18901 | D:11     | Bought a scroll of identify for 28 gold pieces
 18901 | D:11     | Bought a scroll of torment for 133 gold pieces
 19001 | D:11     | Hit by a large rock thrown by a cyclops

Illustrated notes

Levels and vault maps discovered:
D:1:      sevenhm_arrival_forest_fort_small_4, layout_basic,
          ebering_ecumenical_altar_webs, nicolae_concentric_dashed_squares_mild,
          amcnicky_mini_corridor_feature
D:2:      layout_loops_corners, serial_shops, shop_fountains
D:3:      layout_loops_ring, ebering_ghost_reflecting_pool,
          kennysheep_generic_room_3
D:4:      layout_gridville, okawaru_metal_pillars_1_2,
          minmay_temple_entry_slanted, uniq_robin
D:5:      layout_loops_ring, kennysheep_mini_moat, kennysheep_vampire_church,
          grunt_temple_overflow_cloverleaf, nicolae_ossuary_entry_plus,
          minmay_door_square
D:6:      layout_cave_pods
D:7:      layout_gridville, mainiacjoe_overflow_small_starburst,
          marbit_many_paths, minmay_manual_mess
D:8:      gammafunk_indiana_jones, layout_rooms,
          mainiacjoe_overflow_catwalk_spiral, roderic_lattice_a,
          hangedman_abyss_or_decor_stagger
D:9:      layout_basic, dancing_weapons_uskayaw, lemuel_doored_altar,
          nicolae_shop_i_like_big_books, minmay_misc_feat_room
D:10:     layout_rooms, nemelex_xobeh_ov_fountains_minmay, enter_bailey_5,
          moated_statue
D:11:     layout_basic, grunt_lair_entry_orc_guard_hut, serial_shops, shop
D:12:     layout_roguey, serial_shops, shop, serial_park_tiny_2, uniq_gastronok
D:13:     layout_small_grid, hangedman_vaults_entry_quadrant_bands,
          uniq_frances, uniq_nessos
D:14:     minmay_imperfect_grid, layout_basic, nicolae_tso_swordbearing_angel,
          minivault_20, uniq_jorgrun, uniq_rupert
D:15:     grunt_enter_depths_hoard, layout_loops_ring, uniq_louise, uniq_agnes
Temple:   corrupted_temple
Orc:1:    layout_caves, minmay_orc_keep

Skill      XL: |  1  2  3  4  5  6  7  8  9 10 11 |
---------------+----------------------------------+-----
Conjurations   | 4 5 6 7 8 |  8.9
Spellcasting   | 4 5 6 7 8 9 |  9.3
Dodging        | 3 4 5 7 8 |  8.7
Fighting       | 1 2 3 5 7 |  7.8
Air Magic      | 1 2 3 4 |  4.5
Translocations | 3 6 |  6.5
Hexes          | 2 5 |  5.8
Transmutations | 1 |  1.1
Stealth        | |  2.8

Action                   |  1- 3 |  4- 6 |  7- 9 | 10-12 || total
-------------------------+-------+-------+-------+-------++-------
Melee: Unarmed           |     2 |     9 |       |     5 ||    16
       Bite              |     1 |     1 |       |     2 ||     4
 Cast: Magic Dart        |    91 |   137 |   180 |    68 ||   476
       Searing Ray       |     4 |    21 |    90 |    41 ||   156
       Iskenderun's Myst |       |       |    13 |    27 ||    40
       Fulminant Prism   |       |       |     4 |    34 ||    38
       Apportation       |       |       |     1 |       ||     1
       Summon Lightning  |       |       |       |     3 ||     3
Evoke: Wand              |       |       |     3 |    23 ||    26
       Box of beasts     |       |       |       |     1 ||     1
  Use: Scroll            |       |       |    14 |    14 ||    28
       Potion            |       |       |       |     8 ||     8
 Stab: Paralysed         |       |       |       |     5 ||     5
Armor: Skin              |       |       |     7 |     8 ||    15
Dodge: Dodged            |    10 |    31 |   122 |    82 ||   245
